AoeStats
← Nickolai k

Arena

510366022Analyzed
4v4 RM · 2d ago on Sep 30, 2026· 22m 52s· 8 players
Game mode
Random Map
Map size
Large (8 player)
Population
200
Speed
Normal
Resources
Standard
Victory
Conquest
Starting age
Dark Age
Ending age
Imperial Age
RankedLock teamsTeams togetherTeam positionsShared explorationLock speedFull tech treeHidden civsTurbo modeCheats
Victory
Defeat
🇨🇳 Chinese · China
991
+14
🇧🇷 Khmer · Brazil
970
+15
🇫🇷 Danes · France
964
+15
🇪🇪 Britons · Estonia
909
+17
🇩🇰 Celts · Denmark
1039
-18
🇩🇰 Vietnamese · Denmark
1033
-19
🇩🇰 Bohemians · Denmark
887
-13
🇩🇰 Franks · Denmark
828
-11
Nickolai k
11:29 Feudal Age
17:19 Castle Age
17:49 Loom
Donp4ppa
10:37 Feudal Age
11:25 Double-Bit Axe
16:00 Castle Age
14:29 Horse Collar
The Priest1783
10:43 Feudal Age
15:41 Castle Age
14:34 Double-Bit Axe
14:44 Horse Collar
17:24 Bow Saw
17:44 Town Watch
19:35 Wheelbarrow
18:48 Loom
Palmejorgen4637
8:21 Loom
11:45 Feudal Age
18:33 Castle Age
16:57 Double-Bit Axe
Alex
11:24 Feudal Age
15:11 Castle Age
13:52 Double-Bit Axe
13:50 Horse Collar
16:33 Bow Saw
Will
10:48 Feudal Age
10:59 Loom
16:00 Castle Age
14:10 Double-Bit Axe
14:13 Horse Collar
14:47 Gold Mining
18:01 Wheelbarrow
19:31 Bow Saw
20:04 Stone Mining
20:14 Fletching
21:24 Heavy Plow
Myrakaru
0:27 Loom
10:37 Feudal Age
11:26 Horse Collar
12:38 Gold Mining
20:53 Castle Age
18:57 Fletching
22:13 Bodkin Arrow
Sewer and your love
0:27 Loom
11:29 Feudal Age
15:09 Castle Age
13:28 Horse Collar
18:08 Double-Bit Axe
18:30 Gold Mining
Connection lost

Rejoining the realm…

Still unreachable

The connection could not be restored.

Session expired

The server has moved on; the page needs a fresh start.